AoeStats
← CHRIS

Arabia

510150611Analyzed
1v1 RM · 4d ago on Sep 29, 2026· 46m 25s· 2 players
Game mode
Random Map
Map size
Tiny (2 player)
Population
200
Speed
Normal
Resources
Standard
Victory
Conquest
Starting age
Dark Age
Ending age
Imperial Age
RankedLock teamsTeams togetherTeam positionsShared explorationLock speedFull tech treeHidden civsTurbo modeCheats
Victory
Defeat
🇺🇸 Vikings · United States
1236
+15
🇩🇪 Berbers · Germany
1209
-15
IdlePete
7:06 Loom
9:29 Feudal Age
12:04 Forging
15:27 Bloodlines
18:11 Horse Collar
22:18 Castle Age
21:46 Gold Mining
24:31 Scale Barding Armor
28:24 Husbandry
28:56 Fletching
31:53 Double-Bit Axe
33:31 Bow Saw
34:41 Bodkin Arrow
35:08 Chain Barding Armor
37:20 Wheelbarrow
37:16 Murder Holes
38:45 Ballistics
40:56 Iron Casting
40:52 Hand Cart
40:23 Town Watch
43:58 Imperial Age
41:35 Padded Archer Armor
44:20 Arson
45:17 Gold Shaft Mining
44:33 Stone Mining
CHRIS
6:29 Loom
8:57 Feudal Age
10:21 Double-Bit Axe
14:02 Scale Barding Armor
21:42 Castle Age
20:54 Forging
22:21 Horse Collar
24:18 Pikeman
31:22 Chain Barding Armor
31:37 Iron Casting
32:10 Scale Mail Armor
32:39 Light Cavalry
32:46 Light Cavalry
39:30 Imperial Age
38:59 Squires
38:44 Arson
39:19 Town Watch
41:55 Cavalier
44:22 Bow Saw
45:45 Chain Mail Armor
46:30 Blast Furnace
Connection lost

Rejoining the realm…

Still unreachable

The connection could not be restored.

Session expired

The server has moved on; the page needs a fresh start.